 Dungeon Crawl Stone Soup version 0.32-a0-913-g739538afd8 (webtiles) character file.

Game seed: 16791346344324268051

215 kae the Changeling (level 5, -2/40 HPs)
             Began as a Demonspawn Shapeshifter on Apr 9, 2024.
             Shot with an arrow by a centaur (8 damage)
             ... on level 4 of the Dungeon.
             The game lasted 00:01:56 (3401 turns).

kae the Changeling (Demonspawn Shapeshifter)        Turns: 3401, Time: 00:01:56

Health: -2/40      AC:  6    Str: 14    XL:     5   Next: 60%
Magic:  5/5        EV: 11    Int: 10    God:
Gold:   256        SH:  4    Dex: 15    Spells: 4/4 levels left

rFire   . .          .
                       - Unarmed
rCold   . . .        (no shield)
rNeg    . . .        a - +0 animal skin
rPois   .            (helmet currently unavailable)
rElec   .            (cloak currently unavailable)
rCorr   .            (gloves currently unavailable)
SInv    .            (boots currently unavailable)
Will    .....        l - amulet of magic regeneration
Stlth   +            (no ring)
HPRegen 0.26/turn    (no ring)
MPRegen 0.49/turn

%: no passive effects
@: beast-form, studying Shapeshifting
A: beast (slay +2), icemail 1, spiny 1, condensation shield
a: Begin Untransformation


You were on level 4 of the Dungeon.
You were a hulking beast.
You visited 1 branch of the dungeon, and saw 4 of its levels.

You collected 256 gold pieces.


Innate Abilities, Weirdness & Mutations

You are a hulking beast.
Your limbs bulge with bestial killing power. (Slay +2)
A meltable icy envelope protects you from harm. (AC +4)
You are partially covered in sharp spines.
A meltable shield of frost defends you. (SH +4)


   Skills:
 + Level 2.8 Fighting
 - Level 1.7 Dodging
 + Level 3.6 Unarmed Combat
 * Level 4.6 Shapeshifting


You had 4 spell levels left.
You didn't know any spells.
Your spell library contained the following spells:

 Spells                   Type           Power      Damage    Failure   Level
 Apportation              Tloc           0%         N/A       36%         1
 Necrotise                Necr           0%         1d4       36%         1
 Sting                    Conj/Alch      0%         1d3       36%         1
 Summon Small Mammal      Summ           0%         N/A       36%         1
 Mercury Vapours          Alch/Air       0%         N/A       50%         2
 Frozen Ramparts          Ice            0%         1d1       75%         3
 Ozocubu's Armour         Ice            0%         N/A       75%         3
 Sigil of Binding         Hex            0%         N/A       75%         3
 Olgreb's Toxic Radiance  Alch           0%         N/A       98%         4
 Metabolic Englaciation   Hex/Ice        0%         N/A       100%        5
 Death Channel            Necr           0%         N/A       100%        6
 Sculpt Simulacrum        Ice/Alch       0%         N/A       100%        6

Inventory:

Missiles
 e - 37 stones (quivered)
 g - 4 boomerangs
Armour
 a - a +0 animal skin (worn)
Magical Staves
 o - a staff of cold {!a}
   (You found it on level 4 of the Dungeon)
Jewellery
 l - an amulet of magic regeneration (around neck)
   (You found it on level 1 of the Dungeon)
 m - the ring "Qyezop" {rPois rC+ Str-2 Dex+3 Stlth+}
   (You found it on level 3 of the Dungeon)

   [ring of protection from cold]

   Str-2:     It affects your strength (-2).
   Dex+3:     It affects your dexterity (+3).
   rC+:       It protects you from cold.
   rPois:     It protects you from poison.
   Stlth+:    It makes you more stealthy.
Talismans
 c - a beast talisman (active)
 d - a flux talisman
Scrolls
 f - 2 scrolls of identify {@r1}
 p - a scroll of enchant armour {unknown}
Potions
 b - 2 potions of lignification {!q}
 h - 2 potions of degeneration {!q}
 i - a potion of heal wounds {@q2}
 j - 2 potions of enlightenment
 k - 2 potions of ambrosia
 n - a potion of curing {@q1}

Dungeon Overview and Level Annotations

Branches:
Dungeon (4/15) Zot: 20600
 Temple: D:4-7

Altars:
Sif Muna
Uskayaw

Annotations:
D:2 1 runed translucent door, Crazy Yiuf
D:4 3 runed translucent doors, Dogenati's ghost, amateur GnHs

#.##########...........
#.# ###..#####.#
#)############..#
########...............#
..)...##.#############.#
########.# #.# #....#
#.#
#######.#############.#
...>...........h.c....#
#######.###############
###


You could see a centaur.


Message History

You hit the white imp but do no damage.
The white imp hits you but does no damage. 😕 HP[-6]
You take 6 damage, and now have 34/40 hp.
A white imp is nearby!
You barely miss the white imp.
The white imp shouts, "Slither home, thou unhinged guts-griping barnacle!"
The white imp hits you. The white imp freezes you.
You hit the white imp.
The white imp hits you but does no damage. 😕 HP[-3]
You take 3 damage, and now have 31/40 hp.
A white imp is nearby!
You barely miss the white imp. The white imp hits you.
The white imp freezes you.
You are too injured to fight recklessly! 😮 HP[-3]
You take 3 damage, and now have 28/40 hp.
A white imp is nearby!
You are too injured to fight recklessly!
You are too injured to fight recklessly!
You are too injured to fight recklessly!
You are too injured to fight recklessly!
A white imp is nearby!
You are too injured to fight recklessly!
You are too injured to fight recklessly!
A white imp is nearby!
You are too injured to fight recklessly!
You are too injured to fight recklessly!
A white imp is nearby!
You are too injured to fight recklessly!
You are too injured to fight recklessly!
You closely miss the white imp. The white imp gestures at you.
The puff of frost hits you. 😮 HP[-3]
You take 3 damage, and now have 25/40 hp.
You barely miss the white imp.
The white imp hits you but does no damage.
You barely miss the white imp. The white imp gestures at you.
The puff of frost hits you.
* * * LOW HITPOINT WARNING * * *
😨 HP[-5]
You take 5 damage, and now have 20/40 hp.
You closely miss the white imp. The white imp closely misses you.
You barely miss the white imp.
The white imp barely misses you. 😮 HP[+1]
You hit the white imp but do no damage. The white imp gestures at you.
The puff of frost hits you.
* * * LOW HITPOINT WARNING * * *
😨 HP[-5]
You take 5 damage, and now have 16/40 hp.
Unknown command.
You hit the white imp but do no damage. The white imp is struck by your spines.
The white imp closely misses you.
You hit the white imp. Your punch misses the white imp.
The white imp gestures at you. The puff of frost hits you.
* * * LOW HITPOINT WARNING * * *
😱 HP[-6]
You take 6 damage, and now have 10/40 hp.
You hit the white imp but do no damage. You barely miss the white imp.
The white imp hits you but does no damage. 😨 HP[+1]
You barely miss the white imp. The white imp closely misses you.
You hit the white imp.
You kill the white imp!
b - 2 potions of lignification {!q} (gained 1)
You now have 256 gold pieces (gained 11).
You see here a +2 trident of flaming. 😎 HP[+29]
Your hp is fully restored (40).
Found an escape hatch in the floor.
A centaur comes into view.
A centaur is nearby!
A centaur is nearby!
A centaur is nearby!
The centaur shouts!
The centaur wields a +0 shortbow.
The centaur shoots an arrow.
The arrow hits you.
The centaur shoots an arrow.
The arrow hits you!
The centaur shoots an arrow.
The arrow hits you. 😮 HP[-17]
You take 17 damage, and now have 23/40 hp.
MASSIVE DAMAGE!! (PAUSE)
The centaur shoots an arrow.
The arrow hits you. 😮 HP[-1]
You take 1 damage, and now have 22/40 hp.
The centaur shoots an arrow.
The arrow hits you!
* * * LOW HITPOINT WARNING * * *
The centaur shoots an arrow.
The arrow hits you!
* * * LOW HITPOINT WARNING * * *
😱 HP[-17]
You take 17 damage, and now have 5/40 hp.
MASSIVE DAMAGE!! (PAUSE)
The centaur shoots an arrow.
The arrow hits you!
You die...

Skill      XL: |  1  2  3  4 |
---------------+-------------+-----
Shapeshifting  | 3 4 |  4.6
Unarmed Combat | 3 |  3.6
Fighting       | 2 |  2.8
Dodging        | |  1.7

Action                     |  1- 3 |  4- 6 || total
---------------------------+-------+-------++-------
  Melee: Unarmed           |    87 |   112 ||   199
    Use: Scroll            |     5 |     5 ||    10
   Stab: Sleeping          |     3 |     2 ||     5
         Distracted        |       |     2 ||     2
 Armour: Animal skin       |    33 |    52 ||    85
  Dodge: Dodged            |    44 |    38 ||    82
  Block: Other             |     1 |    16 ||    17

Levels and vault maps discovered:
D:1:      sevenhm_arrival_forest_fort_small_4, layout_basic
D:2:      layout_basic, chequers_ecumenical_altar_simple_redux, basic_altar,
          dreamdust_wishing_well, uniq_crazy_yiuf_cottage
D:3:      layout_basic, nicolae_sif_muna_little_library, skrybe_limestone_x
D:4:      layout_basic, lemuel_doored_altar, gammafunk_ghost_icy,
          minmay_misc_feat_plants, minmay_tree_intersection

Notes
Turn   | Place    | Note
-------+----------+-------------------------------------------
     0 | D:1      | kae the Demonspawn Shapeshifter began the quest for the
                  | Orb.
     0 | D:1      | Reached XP level 1. HP: 15/15 MP: 1/1
     0 | D:1      | magus.rc [v1.11.3]
   203 | D:1      | You add the spells Sting, Mercury Vapours and Olgreb's
                  | Toxic Radiance to your library.
   213 | D:1      | You pick up a book of Wicked Creation and begin reading...
   213 | D:1      | You add the spells Sigil of Binding, Sculpt Simulacrum and
                  | Death Channel to your library.
   228 | D:1      | HP: 3/15 [frozen (5)]
   294 | D:1      | Gained mutation: You are partially covered in sharp spines.
                  | [demonic ancestry]
   294 | D:1      | Reached XP level 2. HP: 21/21 MP: 2/2
   301 | D:1      | Reached skill level 3 in Shapeshifting
   384 | D:1      | You pick up a book of Winter and begin reading...
   384 | D:1      | You add the spells Frozen Ramparts, Ozocubu's Armour and
                  | Metabolic Englaciation to your library.
   476 | D:1      | Reached skill level 3 in Unarmed Combat
   586 | D:1      | Gained mutation: A meltable shield of frost defends you.
                  | (SH +4) [demonic ancestry]
   586 | D:1      | Reached XP level 3. HP: 24/26 MP: 3/3
   966 | D:2      | Found a shimmering blue altar of Sif Muna.
   994 | D:2      | Found a faded altar of an unknown god.
  1283 | D:2      | Reached skill level 2 in Fighting
  1318 | D:2      | Reached XP level 4. HP: 33/33 MP: 4/4
  1431 | D:2      | Found a runed translucent door.
  1432 | D:2      | Noticed Crazy Yiuf
  1918 | D:3      | HP: 8/33 [poisoned by an adder]
  1923 | D:3      | HP: 3/33 [poisoned by an adder]
  2298 | D:3      | Identified the ring "Qyezop" {rPois rC+ Str-2 Dex+3 Stlth+}
  2369 | D:3      | Found a shimmering blue altar of Sif Muna.
  2407 | D:3      | Reached skill level 4 in Shapeshifting
  2407 | D:3      | Gained mutation: A meltable icy envelope protects you from
                  | harm. (AC +4) [demonic ancestry]
  2407 | D:3      | Reached XP level 5. HP: 39/39 MP: 5/5
  2520 | D:4      | Identified a scroll of acquirement
  2520 | D:4      | Acquired a manual of Shapeshifting
  2682 | D:4      | Found a runed translucent gate.
  2682 | D:4      | Found a runed translucent gate.
  2682 | D:4      | Found a runed translucent gate.
  2818 | D:4      | Noticed Dogenati's ghost (amateur GnHs)
  2818 | D:4      | Noticed an ice beast
  2898 | D:4      | You pick up a book of Cantrips and begin reading...
  2898 | D:4      | You add the spells Necrotise, Summon Small Mammal and
                  | Apportation to your library.
  2908 | D:4      | Found a hide-covered altar of Uskayaw.
  3249 | D:4      | HP: 10/40 [white imp/puff of frost (6)]
  3396 | D:4      | Noticed a centaur
  3400 | D:4      | HP: 5/40 [centaur/arrow (9)]
  3401 | D:4      | Shot with an arrow by a centaur

Vanquished Creatures
  A hound (D:4)
  An iguana (D:4)
  6 adders
  A white imp (D:4)
  2 ribbon worms (D:3)
  3 dart slugs
  2 orcs (D:4)
  6 ball pythons
  11 bats
  7 endoplasms
  A giant cockroach (D:2)
  2 goblins (D:3)
  5 hobgoblins
  9 jackals
  9 quokkas
  A frilled lizard (D:3)
  10 kobolds
  7 rats
84 creatures vanquished.

Table legend:
 A = Non-vault XP
 B = Vault XP
 C = Vault XP percentage of total XP
 D = Non-vault monster count
 E = Vault monster count
 F = Vault count percentage of total count
                 A         B        C        D         E       F
            +---------+---------+-------+---------+---------+-------
      Total |     308 |       0 |   0.0 |      84 |       0 |   0.0
            +---------+---------+-------+---------+---------+-------
        D:1 |      49 |       0 |   0.0 |      28 |       0 |   0.0
        D:2 |      72 |       0 |   0.0 |      22 |       0 |   0.0
        D:3 |      76 |       0 |   0.0 |      20 |       0 |   0.0
        D:4 |     111 |       0 |   0.0 |      14 |       0 |   0.0
            +---------+---------+-------+---------+---------+-------

Skill      XL: |  1  2  3  4 |
---------------+-------------+-----
Shapeshifting  | 3 4 |  4.6
Unarmed Combat | 3 |  3.6
Fighting       | 2 |  2.8
Dodging        | |  1.7

Action                     |  1- 3 |  4- 6 || total
---------------------------+-------+-------++-------
  Melee: Unarmed           |    87 |   112 ||   199
    Use: Scroll            |     5 |     5 ||    10
   Stab: Sleeping          |     3 |     2 ||     5
         Distracted        |       |     2 ||     2
 Armour: Animal skin       |    33 |    52 ||    85
  Dodge: Dodged            |    44 |    38 ||    82
  Block: Other             |     1 |    16 ||    17

Illustrated notes

Table legend:
 A = Kills in this place as a percentage of kills in the entire game.
 B = Kills by you in this place as a percentage of kills by you in the entire game.
 C = Kills by friends in this place as a percentage of kills by friends in the entire game.
 D = Other kills in this place as a percentage of other kills in the entire game.
 E = Experience gained in this place as a percentage of experience gained in the entire game.
 F = Experience gained in this place divided by the number of levels of this place that you have seen.
                   A       B       C       D       E      F
               +-------+-------+-------+-------+-------+----------------------
         Total | 100.0 | 100.0 |   N/A |   N/A | 100.0 |  77.0
       Dungeon | 100.0 | 100.0 |   N/A |   N/A | 100.0 |  77.0
               +-------+-------+-------+-------+-------+----------------------

Table legend: (Time is in decaauts)
 A = Elapsed time spent in this place.
 B = Non-inter-level travel time spent in this place.
 C = Inter-level travel time spent in this place.
 D = Time resting spent in this place.
 E = Time spent auto-exploring this place.
 F = Levels seen in this place.
 G = Mean time per level.
                   A        B        C        D        E       F      G
               +--------+--------+--------+--------+--------+-----+--------+
         Total |   3398 |   3295 |    103 |    204 |   2615 |   4 |  849.5 |
       Dungeon |   3398 |   3295 |    103 |    204 |   2615 |   4 |  849.5 |
               +--------+--------+--------+--------+--------+-----+--------+

Top non-repeatable levels by time:
     D:2: 933 daAuts
     D:1: 926 daAuts
     D:4: 878 daAuts
     D:3: 661 daAuts
